[ AOE2 MATCH · #506146765 ]
UnrankedRomans vs Tatars
Player's team · WIN
Rival team · LOSS
[ REPLAY ANALYSIS · EXTRACTED FROM THE RECORDED GAME ]
Feudal
9:50
Castle
21:22
Imperial
—
| APM avg | 42.0 |
| APM peak | 89 |
| eAPM avg | 26.2 |
| Villagers / military | 89 / 85 |
Focus
⚔️ 33.5% · 🌾 66.5%
Militia ×28 · Spearman ×17 · Scorpion ×16 · Skirmisher ×12 · Archer ×7 · Battering Ram ×4
Feudal
9:05
Castle
21:45
Imperial
—
| APM avg | 37.0 |
| APM peak | 70 |
| eAPM avg | 20.5 |
| Villagers / military | 73 / 80 |
Focus
⚔️ 31.6% · 🌾 68.4%
Cavalry Archer ×59 · Steppe Lancer ×12 · Skirmisher ×5 · Scout Cavalry ×4
Match map
Initial resources + every placement click. Lines = walls · curves = elevation contours. ◆ gold · ⬟ stone · ● berries · ✦ relic · ◌ wall gap
Your base· Open — unwalled flank
foundationstaff's base· Open — 8t gap
Smoothed initial terrain · ◌ = detected wall gap · hover for details
Inputs per minute
— HellionBlue - - foundationstaff
Build order — HellionBlue
First 150 of 303 actions detected
| 0:01 | Queue | Villager (Male) |
| 0:02 | Build | House |
| 0:02 | Queue | Villager (Male) |
| 0:04 | Build | House |
| 0:07 | Queue | Villager (Male) |
| 0:07 | Queue | Villager (Male) |
| 0:08 | Queue | Villager (Male) |
| 1:33 | Queue | Villager (Male) |
| 1:33 | Queue | Villager (Male) |
| 1:53 | Queue | Villager (Male) |
| 1:53 | Queue | Villager (Male) |
| 2:29 | Queue | Villager (Male) |
| 2:29 | Queue | Villager (Male) |
| 2:31 | Queue | Villager (Male) |
| 2:47 | Build | Lumber Camp |
| 3:10 | Build | House |
| 3:11 | Build | Palisade Wall |
| 3:24 | Queue | Villager (Male) |
| 3:24 | Queue | Villager (Male) |
| 3:50 | Queue | Villager (Male) |
| 3:50 | Queue | Villager (Male) |
| 3:50 | Queue | Villager (Male) |
| 4:33 | Build | House |
| 4:59 | Queue | Villager (Male) |
| 5:19 | Build | Palisade Wall |
| 5:20 | Build | Palisade Wall |
| 5:26 | Queue | Villager (Male) |
| 5:49 | Queue | Villager (Male) |
| 6:25 | Queue | Villager (Male) |
| 6:34 | Build | Barracks |
| 6:40 | Queue | Villager (Male) |
| 6:58 | Queue | Villager (Male) |
| 7:24 | Research | Feudal Age |
| 7:51 | Queue | Militia |
| 7:56 | Build | House |
| 8:06 | Build | House |
| 8:15 | Queue | Militia |
| 8:15 | Queue | Militia |
| 8:29 | Build | Mining Camp |
| 8:45 | Queue | Villager (Male) |
| 9:21 | Queue | Villager (Male) |
| 9:28 | Build | Mill |
| 9:50 | Age | Feudal Age |
| 9:52 | Research | Man-at-Arms (upgrade) |
| 10:01 | Build | Archery Range |
| 10:12 | Build | Archery Range |
| 10:21 | Build | Farm |
| 10:21 | Build | Farm |
| 10:22 | Build | Farm |
| 10:22 | Build | Farm |
| 10:27 | Queue | Villager (Male) |
| 10:35 | Research | Double-Bit Axe |
| 10:35 | Research | Double-Bit Axe |
| 11:05 | Queue | Villager (Male) |
| 11:05 | Queue | Villager (Male) |
| 11:08 | Queue | Archer |
| 11:14 | Build | House |
| 11:18 | Build | Palisade Wall |
| 11:21 | Queue | Villager (Male) |
| 11:25 | Build | Farm |
| 11:26 | Build | Farm |
| 11:26 | Build | Farm |
| 11:33 | Queue | Spearman |
| 11:33 | Queue | Spearman |
| 11:53 | Queue | Militia |
| 12:02 | Queue | Spearman |
| 12:03 | Queue | Archer |
| 12:04 | Queue | Archer |
| 12:10 | Queue | Villager (Male) |
| 12:10 | Queue | Villager (Male) |
| 12:17 | Build | House |
| 12:19 | Build | House |
| 12:26 | Queue | Villager (Male) |
| 12:26 | Queue | Villager (Male) |
| 12:30 | Build | House |
| 12:43 | Queue | Villager (Male) |
| 12:53 | Research | Loom |
| 12:53 | Research | Loom |
| 12:57 | Build | Palisade Gate |
| 13:05 | Queue | Spearman |
| 13:07 | Queue | Skirmisher |
| 13:09 | Queue | Skirmisher |
| 13:10 | Queue | Villager (Male) |
| 13:14 | Build | Farm |
| 13:21 | Queue | Villager (Male) |
| 13:29 | Build | House |
| 13:31 | Build | Palisade Wall |
| 13:34 | Queue | Villager (Male) |
| 13:38 | Queue | Spearman |
| 13:39 | Queue | Skirmisher |
| 13:51 | Queue | Villager (Male) |
| 13:58 | Queue | Archer |
| 14:01 | Queue | Villager (Male) |
| 14:04 | Build | Farm |
| 14:12 | Queue | Archer |
| 14:19 | Queue | Villager (Male) |
| 14:29 | Build | Farm |
| 14:53 | Build | Blacksmith |
| 15:00 | Build | House |
| 15:03 | Queue | Villager (Male) |
| 15:13 | Queue | Villager (Male) |
| 15:16 | Queue | Spearman |
| 15:17 | Queue | Spearman |
| 15:41 | Queue | Villager (Male) |
| 15:46 | Build | Farm |
| 15:46 | Build | Farm |
| 15:57 | Research | Wheelbarrow |
| 15:57 | Queue | Villager (Male) |
| 16:02 | Build | Farm |
| 16:28 | Queue | Villager (Male) |
| 16:42 | Build | Farm |
| 16:45 | Build | Farm |
| 16:46 | Research | Horse Collar |
| 16:59 | Queue | Militia |
| 17:02 | Queue | Militia |
| 17:42 | Queue | Villager (Male) |
| 17:46 | Build | Farm |
| 17:47 | Build | Farm |
| 18:17 | Build | Market |
| 18:19 | Build | Palisade Wall |
| 18:37 | Build | Lumber Camp |
| 18:42 | Research | Castle Age |
| 18:43 | Research | Castle Age |
| 18:51 | Research | Scale Mail Armor |
| 18:51 | Research | Scale Mail Armor |
| 19:01 | Queue | Villager (Male) |
| 19:03 | Build | Farm |
| 19:03 | Build | Farm |
| 19:09 | Queue | Archer ×2 |
| 19:33 | Build | Farm |
| 19:45 | Build | Palisade Gate |
| 19:48 | Build | Palisade Wall |
| 19:53 | Build | House |
| 19:55 | Build | House |
| 19:57 | Build | House |
| 20:09 | Build | Farm |
| 20:09 | Build | Farm |
| 20:12 | Queue | Militia |
| 20:12 | Queue | Spearman |
| 20:12 | Queue | Militia |
| 20:13 | Queue | Militia |
| 20:13 | Queue | Militia |
| 20:13 | Queue | Militia |
| 20:14 | Queue | Militia |
| 20:14 | Queue | Militia |
| 20:34 | Research | Forging |
| 20:36 | Build | Farm |
| 20:37 | Build | Farm |
| 20:52 | Build | House |
| 20:53 | Build | House |
Build order — foundationstaff
First 150 of 264 actions detected
| 0:01 | Queue | Villager (Male) |
| 0:01 | Queue | Villager (Male) |
| 0:01 | Queue | Villager (Male) |
| 0:01 | Queue | Villager (Male) |
| 0:03 | Build | House |
| 0:04 | Build | House |
| 1:30 | Queue | Villager (Male) |
| 1:46 | Build | Lumber Camp |
| 1:54 | Queue | Villager (Male) |
| 2:11 | Queue | Villager (Male) |
| 2:54 | Queue | Villager (Male) |
| 2:54 | Queue | Villager (Male) |
| 3:25 | Build | House |
| 3:26 | Build | House |
| 3:42 | Queue | Villager (Male) |
| 3:42 | Queue | Villager (Male) |
| 4:03 | Queue | Villager (Male) |
| 4:09 | Build | Palisade Wall |
| 4:13 | Build | Palisade Wall |
| 4:29 | Queue | Villager (Male) |
| 4:29 | Queue | Villager (Male) |
| 4:52 | Build | Mill |
| 5:17 | Queue | Villager (Male) |
| 5:33 | Queue | Villager (Male) |
| 5:40 | Research | Loom |
| 6:00 | Queue | Villager (Male) |
| 6:55 | Research | Feudal Age |
| 7:33 | Build | Barracks |
| 7:50 | Build | Barracks |
| 7:54 | Build | Palisade Wall |
| 7:55 | Build | Palisade Wall |
| 7:57 | Build | Palisade Wall |
| 8:00 | Build | Palisade Wall |
| 8:20 | Build | Palisade Wall |
| 8:23 | Build | Palisade Wall |
| 8:26 | Build | Palisade Wall |
| 8:28 | Build | Palisade Wall |
| 8:30 | Build | Palisade Wall |
| 8:40 | Build | Palisade Wall |
| 8:44 | Build | Palisade Wall |
| 8:46 | Build | Palisade Wall |
| 8:48 | Build | Palisade Wall |
| 8:59 | Queue | Villager (Male) |
| 9:05 | Age | Feudal Age |
| 9:07 | Build | Stable |
| 9:20 | Research | Double-Bit Axe |
| 9:20 | Research | Double-Bit Axe |
| 9:22 | Queue | Villager (Male) |
| 9:33 | Build | Palisade Wall |
| 10:02 | Queue | Villager (Male) |
| 10:02 | Queue | Villager (Male) |
| 10:06 | Build | House |
| 10:09 | Queue | Scout Cavalry |
| 10:09 | Queue | Scout Cavalry |
| 10:37 | Build | Palisade Wall |
| 10:57 | Queue | Villager (Male) |
| 11:19 | Build | Farm |
| 11:20 | Queue | Villager (Male) |
| 11:20 | Queue | Villager (Male) |
| 11:27 | Build | Palisade Wall |
| 11:30 | Queue | Scout Cavalry |
| 11:38 | Build | Palisade Wall |
| 11:46 | Build | Archery Range |
| 11:49 | Queue | Villager (Male) |
| 12:01 | Build | House |
| 12:04 | Queue | Villager (Male) |
| 12:12 | Research | Horse Collar |
| 12:15 | Build | Palisade Wall |
| 12:18 | Build | Farm |
| 12:26 | Build | House |
| 12:39 | Queue | Scout Cavalry |
| 12:49 | Queue | Villager (Male) |
| 12:53 | Build | Farm |
| 13:11 | Build | Farm |
| 13:14 | Build | Farm |
| 13:28 | Queue | Villager (Male) |
| 13:35 | Build | Palisade Wall |
| 13:39 | Queue | Skirmisher |
| 13:39 | Queue | Skirmisher |
| 13:56 | Queue | Villager (Male) |
| 14:07 | Build | House |
| 14:09 | Queue | Villager (Male) |
| 14:13 | Build | Farm |
| 14:14 | Build | Farm |
| 14:15 | Build | Farm |
| 14:16 | Queue | Villager (Male) |
| 14:25 | Queue | Skirmisher |
| 14:29 | Build | Farm |
| 14:48 | Build | Farm |
| 15:00 | Queue | Villager (Male) |
| 15:15 | Queue | Skirmisher |
| 15:17 | Queue | Villager (Male) |
| 15:41 | Build | Mining Camp |
| 15:48 | Build | Palisade Wall |
| 15:55 | Queue | Villager (Male) |
| 15:57 | Build | Farm |
| 15:59 | Build | Farm |
| 16:16 | Queue | Skirmisher |
| 16:36 | Build | Market |
| 16:44 | Build | House |
| 16:49 | Queue | Villager (Male) |
| 16:50 | Queue | Villager (Male) |
| 17:03 | Build | House |
| 17:33 | Queue | Villager (Male) |
| 17:36 | Build | Farm |
| 17:37 | Build | Farm |
| 18:00 | Build | House |
| 18:14 | Queue | Villager (Male) |
| 18:14 | Queue | Villager (Male) |
| 19:05 | Research | Castle Age |
| 19:30 | Build | Blacksmith |
| 19:34 | Build | Lumber Camp |
| 19:57 | Research | Wheelbarrow |
| 20:12 | Build | House |
| 20:21 | Build | House |
| 20:23 | Build | House |
| 20:26 | Build | Palisade Wall |
| 20:34 | Build | House |
| 20:42 | Build | Archery Range |
| 20:45 | Research | Fletching |
| 21:19 | Build | Archery Range |
| 21:29 | Research | Gold Mining |
| 21:45 | Age | Castle Age |
| 21:48 | Build | University |
| 21:54 | Queue | Cavalry Archer |
| 21:55 | Queue | Cavalry Archer |
| 21:55 | Queue | Cavalry Archer |
| 21:56 | Research | Bloodlines |
| 21:57 | Research | Husbandry |
| 22:06 | Research | Bow Saw |
| 22:16 | Build | Town Center |
| 22:21 | Queue | Villager (Male) |
| 22:29 | Build | House |
| 22:44 | Queue | Cavalry Archer |
| 22:45 | Queue | Cavalry Archer |
| 22:45 | Queue | Cavalry Archer |
| 22:49 | Research | Padded Archer Armor |
| 23:05 | Queue | Cavalry Archer |
| 23:05 | Queue | Cavalry Archer |
| 23:13 | Queue | Villager (Male) |
| 23:13 | Queue | Villager (Male) |
| 23:21 | Queue | Cavalry Archer |
| 23:21 | Queue | Cavalry Archer |
| 23:46 | Build | House |
| 23:49 | Build | House |
| 23:51 | Build | House |
| 24:03 | Queue | Cavalry Archer |
| 24:03 | Queue | Cavalry Archer |
| 24:08 | Queue | Cavalry Archer |
| 24:08 | Queue | Cavalry Archer |
Match timeline
| 3:11 | HellionBlue · wall_segment Palisade Wall x1 |
| 4:09 | foundationstaff · wall_segment Palisade Wall x1 |
| 4:13 | foundationstaff · wall_segment Palisade Wall x1 |
| 5:19 | HellionBlue · wall_segment Palisade Wall x1 |
| 5:20 | HellionBlue · wall_segment Palisade Wall x1 |
| 6:34 | HellionBlue · first_building Barracks |
| 7:33 | foundationstaff · first_building Barracks |
| 7:54 | foundationstaff · wall_segment Palisade Wall x1 |
| 7:55 | foundationstaff · wall_segment Palisade Wall x1 |
| 7:57 | foundationstaff · wall_segment Palisade Wall x1 |
| 8:00 | foundationstaff · wall_segment Palisade Wall x1 |
| 8:20 | foundationstaff · wall_segment Palisade Wall x1 |
| 8:23 | foundationstaff · wall_segment Palisade Wall x1 |
| 8:26 | foundationstaff · wall_segment Palisade Wall x1 |
| 8:28 | foundationstaff · wall_segment Palisade Wall x1 |
| 8:30 | foundationstaff · wall_segment Palisade Wall x1 |
| 8:40 | foundationstaff · wall_segment Palisade Wall x1 |
| 8:44 | foundationstaff · wall_segment Palisade Wall x1 |
| 8:46 | foundationstaff · wall_segment Palisade Wall x1 |
| 8:48 | foundationstaff · wall_segment Palisade Wall x3 |
| 9:05 | foundationstaff · age_up feudal |
| 9:07 | foundationstaff · first_building Stable |
| 9:33 | foundationstaff · wall_segment Palisade Wall x1 |
| 9:50 | HellionBlue · age_up feudal |
| 10:01 | HellionBlue · first_building Archery Range |
| 10:37 | foundationstaff · wall_segment Palisade Wall x5 |
| 11:18 | HellionBlue · wall_segment Palisade Wall x5 |
| 11:27 | foundationstaff · wall_segment Palisade Wall x3 |
| 11:38 | foundationstaff · wall_segment Palisade Wall x5 |
| 11:46 | foundationstaff · first_building Archery Range |
| 12:15 | foundationstaff · wall_segment Palisade Wall x1 |
| 13:31 | HellionBlue · wall_segment Palisade Wall x7 |
| 13:35 | foundationstaff · wall_segment Palisade Wall x10 |
| 15:48 | foundationstaff · wall_segment Palisade Wall x26 |
| 18:19 | HellionBlue · wall_segment Palisade Wall x9 |
| 19:48 | HellionBlue · wall_segment Palisade Wall x11 |
| 20:26 | foundationstaff · wall_segment Palisade Wall x1 |
| 21:22 | HellionBlue · age_up castle |
| 21:45 | foundationstaff · age_up castle |
| 21:52 | HellionBlue · first_building Siege Workshop |
| 24:06 | foundationstaff · first_market_sell 100 food |
| 25:11 | HellionBlue · wall_segment Palisade Wall x1 |
| 25:13 | HellionBlue · wall_segment Palisade Wall x1 |
| 26:53 | HellionBlue · first_building Stable |
| 29:39 | foundationstaff · first_market_buy 100 wood |
| 30:26 | foundationstaff · first_building Monastery |
| 31:53 | HellionBlue · first_building Castle |
| 32:05 | foundationstaff · first_building Siege Workshop |
| 33:28 | foundationstaff · resign |
[ AI ANALYSIS · 1 CREDIT ]
What really happened in this match?
Wolo.gg analyzes every decision: build order, eco, micro, common mistakes by bracket. Personalized analysis on WhatsApp or Discord in 30 seconds.
Civ guide
Romans
Perfil
Jugador #2698259